 Dungeon Crawl Stone Soup version 0.29-a0-393-g47a863cc1b (webtiles) character file.

Game seed: 9995444883333817563

102 zishaf the Chopper (level 4, -3/63 HPs)
             Began as a Minotaur Berserker on May 10, 2022.
             Was a Believer of Trog.
             Succumbed to Ijyb's poison
             ... on level 3 of the Dungeon.
             The game lasted 00:01:50 (2524 turns).

zishaf the Chopper (Minotaur Berserker)             Turns: 2524, Time: 00:01:50

Health: -3/63      AC:  8    Str: 23    XL:     4   Next: 50%
Magic:  3/3        EV:  8    Int:  4    God:    Trog [**....]
Gold:   148        SH:  0    Dex: 10    Spells: 3/3 levels left

rFire   . . .      SeeInvis .   a - +0 hand axe
rCold   . . .      Faith    .   (no shield)
rNeg    . . .      Spirit   .   w - +0 chain mail
rPois   .          Reflect  .   (helmet restricted)
rElec   .          Harm     .   (no cloak)
rCorr   .          Rampage  .   (no gloves)
Will    .....                   (no boots)
Stlth   ..........              (no amulet)
HPRegen 0.20/turn               (no ring)
MPRegen 0.08/turn               (no ring)

@: berserking, lethally poisoned (-3 -> -33), very quick
A: horns 2, retaliatory headbutt
a: Renounce Religion, Berserk, Trog's Hand


You were on level 3 of the Dungeon.
You worshipped Trog.
Trog was pleased with you.
You visited 1 branch of the dungeon, and saw 3 of its levels.

You collected 148 gold pieces.

Inventory:

Hand Weapons
 a - a +0 hand axe (weapon)
Armour
 b - a +0 animal skin
 w - a +0 chain mail (worn)
Jewellery
 k - an amulet of faith
Scrolls
 d - a scroll of magic mapping {unknown}
 e - a scroll of poison {unknown}
 h - 4 scrolls of identify {unknown}
 m - a scroll of noise {unknown}
 n - a scroll of vulnerability {unknown}
 o - a scroll of teleportation {unknown}
 q - a scroll of silence {unknown}
 r - a scroll of fear {unknown}
 s - a scroll of enchant armour {unknown}
 u - a scroll of blinking {unknown}
 v - a scroll of immolation {unknown}
Potions
 c - 2 potions of ambrosia {unknown}
 f - a potion of brilliance {unknown}
 g - 2 potions of flight {unknown}
 i - a potion of mutation {unknown}
 j - 2 potions of lignification {unknown}
 l - 2 potions of heal wounds {unknown}
 p - a potion of cancellation {unknown}
 t - a potion of curing {unknown}


   Skills:
 + Level 5.2 Fighting
 + Level 5.2 Axes
 - Level 2.4 Armour
 - Level 2.1 Dodging


You had 3 spell levels left.
You didn't know any spells.
Your spell library was empty.

Dungeon Overview and Level Annotations

Branches:
Dungeon (3/15)

Altars:

Annotations:
D:3 1 runed translucent door, Crazy Yiuf


Innate Abilities, Weirdness & Mutations

You have a pair of horns on your head.
You reflexively headbutt those who attack you in melee.


Message History

You hit Ijyb.
Ijyb is moderately wounded.
You feel very sick.
Ijyb zaps a wand.
You resist with some effort.
You closely miss Ijyb. You headbutt Ijyb, but do no damage.
Your punch misses Ijyb.
Ijyb is moderately wounded.
You feel very sick.
Ijyb zaps a wand.
You suddenly lose the ability to move!
You feel sick.
Ijyb zaps a wand.
You resist with some effort.
You feel sick.
Ijyb hits you with a +2 dagger of venom.
You are lethally poisoned!
* * * LOW HITPOINT WARNING * * *
You feel very sick. Ijyb hits you but does no damage.
You are more poisoned.
You can move again.
Unknown command.
A red film seems to cover your vision as you go berserk!
You feel yourself moving faster!
You feel mighty!
* * * LOW HITPOINT WARNING * * *
You feel very sick. Ijyb hits you but does no damage.
You are more poisoned.
You completely miss Ijyb. You headbutt Ijyb.
Ijyb is heavily wounded.
* * * LOW HITPOINT WARNING * * *
You feel very sick.
Ijyb hits you with a +2 dagger of venom.
* * * LOW HITPOINT WARNING * * *
You are more poisoned.
You slash Ijyb!
You kill Ijyb!
Trog accepts your kill.
* * * LOW HITPOINT WARNING * * *
You feel very sick.
You are too berserk!
Okay, then.
You die...

#####
#...############
###......†........
##.......#########.
#.........# ##.)
#..##.##..# #...
#.@##.##..# ##.(
#..##.##..# ##.
#..##.##..# #.
#.....[...# #. ##..
....## ##+ #### ###
##.. ##... ##....
#.....


There were no monsters in sight!

Vanquished Creatures
  Ijyb (D:3)
  2 adders (D:2)
  3 dart slugs
  An orc (D:3)
  2 ball pythons
  4 endoplasms
  A giant cockroach (D:2)
  3 goblins
  4 hobgoblins
  12 jackals
  2 quokkas
  7 bats
  2 frilled lizards
  4 kobolds
  2 rats (D:3)
50 creatures vanquished.

Vanquished Creatures (others)
  A fungus (D:1)
1 creature vanquished.

Grand Total: 51 creatures vanquished

Notes
Turn   | Place    | Note
-------+----------+-------------------------------------------
     0 | D:1      | zishaf the Minotaur Berserker began the quest for the Orb.
     0 | D:1      | Reached XP level 1. HP: 19/19 MP: 0/0
    67 | D:1      | Reached XP level 2. HP: 27/27 MP: 1/1
   132 | D:1      | Found a faded altar of an unknown god.
   857 | D:2      | Reached XP level 3. HP: 33/34 MP: 2/2
  1556 | D:3      | Reached ** piety under Trog
  1965 | D:3      | Reached XP level 4. HP: 30/41 MP: 3/3
  2282 | D:3      | Found a runed translucent door.
  2283 | D:3      | Noticed Crazy Yiuf
  2437 | D:3      | Reached skill level 5 in Axes
  2448 | D:3      | Reached skill level 5 in Fighting
  2510 | D:3      | Noticed Ijyb
  2517 | D:3      | Paralysed by Ijyb for 4 turns
  2523 | D:3      | Killed Ijyb
  2523 | D:3      | HP: 1/63 [poisoned by Ijyb]
  2524 | D:3      | Succumbed to Ijyb's poison

Illustrated notes

Levels and vault maps discovered:
D:1:      heliophobic_arrival_enchanted_forest, layout_basic,
          shapermc_ecumenical_altar_rom_forum, kennysheep_another_room
D:2:      layout_basic
D:3:      layout_loops_corners, uniq_ijyb, uniq_crazy_yiuf_cottage

Skill      XL: |  1  2  3  4 |
---------------+-------------+-----
Fighting       | 4 5 |  5.2
Axes           | 4 5 |  5.2
Armour         | |  2.4
Dodging        | |  2.1

Action                   |  1- 3 |  4- 6 || total
-------------------------+-------+-------++-------
Melee: Hand axe          |    68 |    25 ||    93
       Headbutt          |    13 |     6 ||    19
Invok: Berserk           |       |     1 ||     1
 Stab: Sleeping          |     2 |       ||     2
Armor: Animal skin       |    16 |       ||    16
       Chain mail        |       |    11 ||    11
Dodge: Dodged            |    47 |     7 ||    54

Table legend: (Time is in decaauts)
 A = Elapsed time spent in this place.
 B = Non-inter-level travel time spent in this place.
 C = Inter-level travel time spent in this place.
 D = Time resting spent in this place.
 E = Time spent auto-exploring this place.
 F = Levels seen in this place.
 G = Mean time per level.
                   A        B        C        D        E       F      G
               +--------+--------+--------+--------+--------+-----+--------+
         Total |   2529 |   2490 |     39 |      0 |   2197 |   3 |  843.0 |
       Dungeon |   2529 |   2490 |     39 |      0 |   2197 |   3 |  843.0 |
               +--------+--------+--------+--------+--------+-----+--------+

Top non-repeatable levels by time:
     D:3: 989 daAuts
     D:1: 786 daAuts
     D:2: 754 daAuts
